 Dungeon Crawl Stone Soup version 0.20.1-1-g8b1a95d (webtiles) character file.

7788 Irenicus the Martial Artist (level 11, -5/82 HPs)
             Began as a Deep Dwarf Monk on Oct 15, 2017.
             Was a High Priest of Makhleb.
             Slain by a lorocyproca (35 damage)
             ... on level 2 of the Abyss.
             The game lasted 00:41:02 (8597 turns).

Irenicus the Martial Artist (Deep Dwarf Monk)       Turns: 8597, Time: 00:41:08

Health: -5/82      AC:  5    Str: 15    XL:     11   Next: 1%
Magic:  8/8        EV: 14    Int: 11    God:    Makhleb [*****.]
Gold:   375        SH:  0    Dex: 18    Spells: 10/10 levels left

rFire    . . .     SeeInvis +     - Unarmed
rCold    + . .     Gourm    .   (no shield)
rNeg     + . .     Faith    .   d - +0 leather armour {rC+}
rPois    .         Spirit   .   (no helmet)
rElec    .         Reflect  .   p - +1 cloak {MR+}
rCorr    .         Harm     .   (no gloves)
MR       ++...                  (no boots)
Stlth    ++........             (no amulet)
Regen    0.0/turn               z - ring of positive energy
MPRegen  0.2/turn               U - ring of see invisible

@: non-regenerating
A: damage resistance, heal wounds, frail 1, sense surroundings 2, subdued magic
1, no regeneration
a: Heal Wounds, Minor Destruction, Lesser Servant of Makhleb, Major Destruction,
Greater Servant of Makhleb, Renounce Religion


You were on level 2 of the Abyss.
You worshipped Makhleb.
Makhleb was extremely pleased with you.
You were not hungry.

You visited 1 branch of the dungeon, and saw 10 of its levels.
You visited the Abyss 1 time.
You also visited: Ossuary.

You collected 375 gold pieces.

Inventory:

Hand Weapons
 u - a +8 hunting sling of freezing
Missiles
 q - 10 tomahawks (quivered)
 y - 47 stones
 F - 2 sling bullets
Armour
 d - a +0 leather armour of cold resistance (worn)
 i - a +1 robe of positive energy
 p - a +1 cloak of magic resistance (worn)
Jewellery
 m - an uncursed ring of fire
 s - an uncursed ring of positive energy
 z - a ring of positive energy (left hand)
 E - an uncursed amulet of guardian spirit
 M - an uncursed ring of resist corrosion
 U - a ring of see invisible (right hand)
Wands
 e - a wand of confusion (17/48)
 n - a wand of flame (26/48)
 w - a wand of flame (0/48)
 G - a wand of flame (1/48)
 H - a wand of disintegration (3/24)
 L - a wand of flame (21/48)
 P - a wand of iceblast (9/15)
Scrolls
 c - 11 scrolls of identify
 f - 4 scrolls of remove curse
 h - 3 scrolls of recharging
 k - a scroll of vulnerability
 l - 3 scrolls of amnesia
 A - a scroll of immolation
 R - a scroll of fog {unknown}
 T - a scroll of fear {unknown}
Potions
 a - 2 potions of cancellation
 j - 6 potions of curing
 o - a potion of flight
 r - 2 potions of haste
 x - 2 potions of agility {unknown}
 B - 6 potions of degeneration {unknown}
 C - 3 potions of might
 D - a potion of invisibility {unknown}
 I - a potion of mutation {unknown}
 N - 2 potions of brilliance
Books
 t - a book of Conjurations

   Spells                             Type                      Level
   a - Magic Dart                     Conjuration                  1
   b - Searing Ray                    Conjuration                  2
   c - Dazzling Spray                 Conjuration/Hexes            3
   d - Fulminant Prism                Conjuration/Hexes            4
   e - Force Lance                    Conjuration/Translocation    4
   f - Iskenderun's Mystic Blast      Conjuration                  4
 J - a book of Callings

   Spells                             Type                      Level
   a - Summon Small Mammal            Summoning                    1
   b - Call Imp                       Summoning                    2
   c - Call Canine Familiar           Summoning                    3
   d - Summon Guardian Golem          Hexes/Summoning              3
   e - Summon Lightning Spire         Summoning/Air                4
   f - Summon Ice Beast               Ice/Summoning                4
 Q - a book of Maledictions

   Spells                             Type                      Level
   a - Corona                         Hexes                        1
   b - Ensorcelled Hibernation        Hexes/Ice                    2
   c - Confuse                        Hexes                        3
   d - Tukima's Dance                 Hexes                        3
   e - Dazzling Spray                 Conjuration/Hexes            3
Comestibles
 b - 8 bread rations
 g - 5 royal jellies
 v - 6 meat rations
 S - 24 fruits
 V - a chunk of flesh


   Skills:
 - Level 4.0 Fighting
 - Level 4.0 Armour
 - Level 4.1 Dodging
 - Level 2.4 Stealth
 - Level 14.1 Unarmed Combat
 - Level 3.1 Evocations


You had 10 spell levels left.
You didn't know any spells.

Dungeon Overview and Level Annotations

Branches:
Dungeon (10/15)            Temple (0/1) D:4            Lair (0/6) D:9
    Orc (0/2) D:9

Altars:
Ashenzari
Cheibriados
Dithmenos
Kikubaaqudgha
Makhleb
Okawaru
Trog
Uskayaw
Vehumet
Xom
Yredelemnul

Shops:
D:9 (

Annotations:
D:5 poxvuibr's ghost, novice DEWz
D:7 exclusion: orc warrior
D:8 exclusion: two-headed ogre
D:9 exclusion: upstairs
D:10 Sonja


Innate Abilities, Weirdness & Mutations

You are resistant to damage.
You can heal yourself by infusing magical energy.
You passively map the area around you.
You do not regenerate.
You are frail. (-10% HP)
Your spells are a little easier to cast, but a little less powerful.


Message History

You pummel the small abomination!!
You destroy the small abomination!
Makhleb accepts your kill.
You feel better.
Your Evocations skill increases to level 3!
You start waiting.
You hear a chilling moan.
You feel yourself speed up.
Put on which piece of jewellery? (? for menu, Esc to quit)
You remove your ring of positive energy.
U - a ring of see invisible (right branch)
A lorocyproca comes into view.
You barely miss the lorocyproca. You barely miss the lorocyproca.
You feel less wooden.
Your +1 cloak of magic resistance unmelds from your body.
Your +0 leather armour of cold resistance unmelds from your body.
You feel resistant to hostile enchantments.
You feel resistant to cold. The lorocyproca hits you!!!
You die...

#+###
#.@.#
......##2#
....# .#
##. .. ..#
..## ..#..
...ยง.


You could see a lorocyproca (invisible).

Vanquished Creatures
  The ghost of feelmyfire the Grappler, a novice DrTm of Makhleb (D:9)
  Pikel (D:7)
  A manticore (D:9)
  Joseph (D:7)
  Psyche (D:8)
  2 trolls (D:9)
  A hippogriff (D:6)
  3 wraiths
  2 wyverns (D:9)
  2 orc warriors
  A small abomination (Abyss:2)
  Duvessa (D:5)
  A phantom (D:6)
  An ice beast (D:9)
  A hornet zombie (Ossuary)
  A sky beast (D:6)
  3 necrophages
  3 wolves
  A centaur (D:5)
  A crocodile (D:9)
  2 bullfrogs (D:10)
  A big kobold (D:9)
  An elf zombie (D:9)
  Dowan (D:5)
  A wyvern skeleton (D:7)
  3 scorpions
  7 wights (D:9)
  A howler monkey (D:4)
  4 electric eels (D:9)
  4 crimson imps
  3 centaur zombies
  2 bullfrog zombies (Ossuary)
  6 orc priests
  A quasit (D:9)
  3 human zombies (D:9)
  A centaur skeleton (D:6)
  9 hounds
  3 jellies
  3 orc wizards
  A bullfrog skeleton (D:6)
  2 iguanas
  6 worker ants
  2 killer bee zombies
  A hound zombie (Ossuary)
  A hound skeleton (D:9)
  16 mummies
  A howler monkey zombie (Ossuary)
  3 worker ant zombies
  A howler monkey skeleton (D:4)
  13 adders
  10 gnolls
  2 shadow imps
  2 oozes
  7 adder zombies
  A worm (D:3)
  A dart slug (D:1)
  3 leopard geckos
  28 orcs
  3 giant cockroaches
  7 goblins
  3 hobgoblins (D:3)
  14 jackals
  6 quokkas
  5 bats
  5 frilled lizards
  A giant cockroach zombie (Ossuary)
  2 jackal zombies (Ossuary)
  9 kobolds
  2 leopard gecko zombies (Ossuary)
  A quokka skeleton (D:9)
  2 quokka zombies
  5 rats
251 creatures vanquished.

Vanquished Creatures (others)
  A slave (D:7)
  An adder skeleton (D:4)
  2 withered plants (Ossuary)
4 creatures vanquished.

Grand Total: 255 creatures vanquished

Notes
Turn   | Place    | Note
-------+----------+-------------------------------------------
     0 | D:1      | Irenicus the Deep Dwarf Monk began the quest for the Orb.
     0 | D:1      | Reached XP level 1. HP: 20/20 MP: 1/1
    99 | D:1      | Reached skill level 3 in Unarmed Combat
   134 | D:1      | Reached XP level 2. HP: 21/27 MP: 2/2
   514 | D:1      | Reached XP level 3. HP: 23/33 MP: 3/3
   730 | D:1      | Reached skill level 4 in Unarmed Combat
  1466 | D:3      | Reached XP level 4. HP: 15/40 MP: 4/4
  1537 | D:3      | Reached skill level 5 in Unarmed Combat
  1644 | D:3      | Found an ancient bone altar of Kikubaaqudgha.
  1739 | D:3      | Found a shimmering altar of Xom.
  1927 | D:3      | Reached XP level 5. HP: 31/46 MP: 5/5
  2633 | D:4      | Found a radiant altar of Vehumet.
  2661 | D:4      | Found a snail-covered altar of Cheibriados.
  2674 | D:4      | Reached skill level 6 in Unarmed Combat
  2687 | D:4      | Noticed a phantom
  2752 | D:4      | Reached XP level 6. HP: 10/55 MP: 6/6
  2906 | D:4      | Found a shadowy altar of Dithmenos.
  2906 | D:4      | Found a burning altar of Makhleb.
  2910 | D:4      | Became a worshipper of Makhleb the Destroyer
  2910 | D:4      | Reached * piety under Makhleb
  2910 | D:4      | Reached ** piety under Makhleb
  2947 | D:4      | Found a staircase to the Ecumenical Temple.
  3543 | D:5      | Entered Level 5 of the Dungeon
  3641 | D:5      | Noticed Duvessa
  3672 | D:5      | Noticed an orc warrior
  3740 | D:5      | Killed an orc warrior
  3740 | D:5      | Reached skill level 7 in Unarmed Combat
  3740 | D:5      | Reached XP level 7. HP: 41/61 MP: 6/6
  3990 | D:5      | Reached skill level 8 in Unarmed Combat
  4026 | D:5      | Noticed Dowan
  4032 | D:5      | Noticed poxvuibr's ghost (novice DEWz)
  4063 | D:5      | HP: 1/61 [Duvessa/rapier of speed (11)]
  4071 | D:5      | Killed Duvessa
  4087 | D:5      | Killed Dowan
  4246 | D:6      | Reached skill level 9 in Unarmed Combat
  4246 | D:6      | Reached XP level 8. HP: 36/68 MP: 4/4
  4249 | D:6      | Gained mutation: Your spells are a little easier to cast, but a little less powerful. [mutagenic meat]
  4250 | D:6      | Gained mutation: You are frail. (-10% HP) [mutagenic meat]
  4334 | D:6      | Found an iron altar of Okawaru.
  4647 | D:6      | Reached skill level 10 in Unarmed Combat
  4788 | D:6      | Noticed a hippogriff
  4801 | D:6      | Killed a hippogriff
  5122 | D:7      | Found a bloodstained altar of Trog.
  5309 | D:7      | Noticed Joseph
  5324 | D:7      | Killed Joseph
  5324 | D:7      | Reached skill level 11 in Unarmed Combat
  5324 | D:7      | Gained mutation: You passively map the area around you. [Deep Dwarf growth]
  5324 | D:7      | Reached XP level 9. HP: 37/66 MP: 5/5
  5473 | D:7      | Found a bloodstained altar of Trog.
  5834 | D:7      | Noticed Pikel
  5845 | D:7      | Killed Pikel
  5845 | D:7      | Reached *** piety under Makhleb
  6243 | D:8      | Reached skill level 12 in Unarmed Combat
  6383 | D:8      | Found a sand-covered staircase.
  6400 | Ossuary  | Entered an ossuary
  6643 | Ossuary  | Reached **** piety under Makhleb
  6758 | D:8      | Noticed Psyche
  6771 | D:8      | Killed Psyche
  6836 | D:8      | Found a shattered altar of Ashenzari.
  6870 | D:8      | Noticed a two-headed ogre
  6986 | D:9      | Noticed feelmyfire's ghost (novice DrTm)
  6999 | D:9      | Reached XP level 10. HP: 65/76 MP: 6/6
  7058 | D:9      | Killed feelmyfire's ghost
  7165 | D:9      | Found a staircase to the Lair.
  7180 | D:9      | Reached skill level 13 in Unarmed Combat
  7409 | D:9      | Noticed a manticore
  7438 | D:9      | Found a staircase to the Orcish Mines.
  7454 | D:9      | Found a hide-covered altar of Uskayaw.
  7488 | D:9      | Found Boruemm's Weapon Shoppe.
  8000 | D:9      | Killed a manticore
  8252 | D:9      | Found a basalt altar of Yredelemnul.
  8284 | D:9      | Reached skill level 14 in Unarmed Combat
  8311 | D:9      | Reached skill level 1 in Evocations
  8314 | D:9      | Reached ***** piety under Makhleb
  8446 | D:10     | Entered Level 10 of the Dungeon
  8549 | D:10     | Reached XP level 11. HP: 65/81 MP: 6/8
  8554 | D:10     | Found a hide-covered altar of Uskayaw.
  8554 | D:10     | Noticed Sonja
  8566 | D:10     | Cast into level 2 of the Abyss (Sonja)
  8595 | Abyss:2  | Noticed a lorocyproca
  8597 | Abyss:2  | Slain by a lorocyproca

Skill      XL: |  1  2  3  4  5  6  7  8  9 10 11 |
---------------+----------------------------------+-----
Unarmed Combat | 3 4 5 6 7 9 11 12 14 | 14.1
Fighting       | 4 |  4.0
Dodging        | 4 |  4.1
Armour         | 4 |  4.0
Evocations     | 2 3 |  3.1
Stealth        | |  2.4

Action                   |  1- 3 |  4- 6 |  7- 9 | 10-12 || total
-------------------------+-------+-------+-------+-------++-------
Melee: Unarmed           |   137 |   261 |   465 |   213 ||  1076
       Punch             |     4 |     8 |    36 |    25 ||    73
 Fire: Hunting sling     |       |       |    28 |    44 ||    72
Throw: Tomahawk          |    37 |    21 |     6 |       ||    64
 Abil: Heal Wounds       |       |     6 |     9 |     2 ||    17
Evoke: Wand              |       |     5 |     2 |    25 ||    32
  Use: Potion            |       |     3 |     8 |     5 ||    16
       Scroll            |       |       |     4 |     7 ||    11
 Stab: Sleeping          |     4 |     2 |     5 |     2 ||    13
       Distracted        |       |       |     1 |       ||     1
       Confused          |       |       |       |     2 ||     2
  Eat: Chunk             |     2 |     7 |    13 |     5 ||    27
       Fruit             |       |       |       |     1 ||     1
Armor: Robe              |    17 |     1 |       |       ||    18
       Leather armour    |       |    34 |    52 |    18 ||   104
       Skin              |       |     8 |     2 |    12 ||    22
Dodge: Dodged            |    83 |   103 |   198 |    93 ||   477
